 Dungeon Sprint DCSS version 0.22-a0-259-gdd11e71 (webtiles) character file.

1358 Ghella the Fighter (level 8, -3/74 (75) HPs)
             Began as a Merfolk Berserker on Mar 5, 2018.
             Was a High Priest of Trog.
             Shot with a bolt by a yaktaur captain (31 damage)
             ... in the Dungeon (Sprint II: "The Violet Keep of Menkaure").
             The game lasted 00:03:44 (878 turns).

Ghella the Fighter (Merfolk Berserker)               Turns: 878, Time: 00:03:45

HP:   -3/74 (75)    AC:  5    Str: 19    XL:     8   Next: 64%
MP:   8/8           EV: 19    Int: 13    God:    Trog [*****.]
Gold: 153           SH:  0    Dex: 18    Spells: 7/7 levels left

rFire    . . .     SeeInvis .   k - +0 hand axe of Vat Wer {freeze, *Slow Int+7 Dex+4} (curse)
rCold    . . .     Gourm    .   (no shield)
rNeg     . . .     Faith    .   b - +0 animal skin
rPois    .         Spirit   .   (no helmet)
rElec    .         Reflect  .   (no cloak)
rCorr    .         Harm     .   d - +2 pair of gloves
MR       .....     NoTele   +   (no boots)
Stlth    ++........             (no amulet)
HPRegen  0.22/turn              (no ring)
MPRegen  0.11/turn              (no ring)

@: berserk cooldown, slowed, very slow
A: change form in water, swift swim, stealthy swim
a: Berserk, Trog's Hand, Brothers in Arms, Renounce Religion


You were in the Dungeon.
You worshipped Trog.
Trog was extremely pleased with you.
You were very hungry.

You visited 1 branch You collected 972 gold pieces.
You spent 819 gold pieces at shops.

Inventory:

Hand Weapons
 k - the cursed +0 hand axe of Vat Wer (weapon) {freeze, *Slow Int+7 Dex+4}
   (You bought it in a shop in the Dungeon)

   It has been specially enchanted to freeze those struck by it, causing extra
   injury to most foes and up to half again as much damage against particularly
   susceptible opponents.
   It can also slow down cold-blooded creatures.
   It affects your intelligence (+7).
   It affects your dexterity (+4).
   It may slow you when you take damage.
   It has a curse placed upon it.
Missiles
 c - 2 poisoned javelins (quivered)
Armour
 b - a +0 animal skin (worn)
 d - a +2 pair of gloves (worn)
Scrolls
 i - a scroll of blinking
Potions
 a - 3 potions of curing
 e - 3 potions of heal wounds
 f - a potion of haste
 g - 2 potions of magic
 h - a potion of berserk rage
 l - a potion of might
Comestibles
 j - 2 rations


   Skills:
 + Level 11.6 Fighting
 + Level 11.1 Axes
 + Level 4.0 Armour
 + Level 9.0 Dodging
 + Level 2.7 Stealth


You had 7 spell levels left.
You didn't know any spells.

Dungeon Overview and Level Annotations

Branches:
Dungeon (1/1)

Altars:

Shops:
D [%:?=!:*=!}([}[:

Annotations:
D exclusion: oklob plant, Kirke


Message History

Trog will gift you weapons as you gain piety.
Something appears at your feet! Trog grants you ammunition!
Your Fighting skill increases to level 11!
Your Axes skill increases to level 11!
Your Armour skill increases to level 4!
Your Dodging skill increases to level 9!
Your Stealth skill increases to level 2!
The yaktaur captain shouts!
The yaktaur captain wields an arbalest.
The yaktaur captain shoots a bolt.
The bolt closely misses you.
Things that are here:
a bolt; a glaive You feel a strong urge to attack something.
You are no longer berserk.
You are exhausted.
You feel as though you will be slow longer.
You see here 2 poisoned javelins.
c - 2 poisoned javelins The yaktaur captain shoots a bolt.
The bolt hits you!!
You die...

#§ ≈ ## ≈§≈ §≈ Yc@####§≈≈
≈≈≈ $zcK.≈## §§ §§
#####≈≈#+++#+++##
####≈≈≈.....c(..#
...#≈≈≈≈.##'##..#
..∩#≈≈≈≈##..###.####
.∩.#≈≈≈≈#c.##.#.@..#
∩.∩#≈≈####.#.####..##
.∩.#≈##.###'###.##..#
∩..#≈##..##.##†..#..#
...†≈+.##'.<.'†##+..###
...#≈##..##.##...#.§§.###.
▓###≈##.###'###.##..§.§§≈≈
####≈≈####.).####≈≈.§..§§#
##≈≈≈#..#..#≈≈≈≈≈≈§..≈#


You could see a yaktaur captain.

Vanquished Creatures
  A skeletal warrior (D)
  A merfolk siren (D)
  4 necrophages (D)
  A crocodile (D)
  4 worker ants (D)
  3 worms (D)
14 creatures vanquished.

Vanquished Creatures (others)
  Menkaure (D)
  A crocodile (D)
2 creatures vanquished.

Grand Total: 16 creatures vanquished

Notes
Turn   | Place    | Note
-------+----------+-------------------------------------------
     0 | D        | Ghella the Merfolk Berserker began the quest for the Orb.
     0 | D        | Reached XP level 1. HP: 18/18 MP: 1/1
     1 | D        | Noticed a worker ant
     1 | D        | Noticed a worker ant
     1 | D        | Noticed a worker ant
     1 | D        | Noticed a worker ant
     8 | D        | Killed a worker ant
     8 | D        | Reached skill level 5 in Fighting
     8 | D        | Reached XP level 2. HP: 27/27 MP: 2/2
     8 | D        | Reached XP level 3. HP: 33/33 MP: 3/3
    15 | D        | Reached ** piety under Trog
    15 | D        | Reached XP level 4. HP: 30/40 MP: 4/4
    25 | D        | Reached skill level 5 in Axes
    49 | D        | Killed a crocodile
    65 | D        | Killed Menkaure
   273 | D        | Reached *** piety under Trog
   381 | D        | Noticed a necrophage
   381 | D        | Noticed a necrophage
   381 | D        | Noticed a necrophage
   381 | D        | Noticed a necrophage
   387 | D        | Killed a necrophage
   387 | D        | Reached skill level 5 in Dodging
   387 | D        | Reached XP level 5. HP: 49/49 MP: 5/5
   390 | D        | Killed a necrophage
   390 | D        | Reached XP level 6. HP: 57/57 MP: 6/6
   396 | D        | Killed a necrophage
   397 | D        | Killed a necrophage
   397 | D        | Reached **** piety under Trog
   397 | D        | Reached skill level 1 in Stealth
   397 | D        | Reached XP level 7. HP: 64/64 MP: 7/7
   495 | D        | Noticed a merfolk siren
   503 | D        | Killed a merfolk siren
   503 | D        | Reached skill level 10 in Fighting
   503 | D        | Reached skill level 10 in Axes
   676 | D        | Noticed a flying skull
   676 | D        | Noticed a flying skull
   677 | D        | Noticed a flying skull
   677 | D        | Noticed a flying skull
   677 | D        | Noticed a flying skull
   677 | D        | Noticed a flying skull
   677 | D        | Noticed a flying skull
   677 | D        | Noticed a flying skull
   677 | D        | Noticed a flying skull
   678 | D        | Noticed a flying skull
   678 | D        | Noticed a flying skull
   678 | D        | Noticed a flying skull
   683 | D        | Found Luekieli's Antique Weapon Shop.
   683 | D        | Found Healet Eche's Gadget Shop.
   684 | D        | Found Gazxoex's Distillery.
   684 | D        | Found Dogubbai's Gadget Boutique.
   685 | D        | Found Aqiowkan's Jewellery Boutique.
   685 | D        | Found Alui's Book Shop.
   685 | D        | Found Keiss's General Store.
   686 | D        | Found Kuolih's Book Shop.
   686 | D        | Found Zuino's Antique Armour Boutique.
   686 | D        | Found Bocze's Distillery.
   687 | D        | Found Enuenewu's Antique Armour Boutique.
   690 | D        | Found Ikub's Jewellery Boutique.
   690 | D        | Found Diose's Magic Scroll Shop.
   690 | D        | Noticed an ice dragon
   690 | D        | Noticed an oklob plant
   691 | D        | Found Musiycsi's Food Shop.
   691 | D        | Found Diment Zoigi's Book Shoppe.
   691 | D        | Found Vezajets's Armour Boutique.
   692 | D        | Noticed a shining eye
   692 | D        | Noticed a shining eye
   695 | D        | Noticed a shining eye
   715 | D        | Bought a pair of glowing gloves for 240 gold pieces
   728 | D        | Noticed a manticore
   729 | D        | Bought a potion of heal wounds for 50 gold pieces
   729 | D        | Bought a ration for 50 gold pieces
   729 | D        | Bought a ration for 50 gold pieces
   731 | D        | Noticed a manticore
   735 | D        | Bought a brightly glowing hand axe for 176 gold pieces
   735 | D        | Identified the cursed +0 hand axe of Vat Wer {freeze, *Slow Int+7 Dex+4} (You bought it in a shop in the Dungeon)
   739 | D        | Bought a potion of curing for 33 gold pieces
   739 | D        | Bought a potion of heal wounds for 55 gold pieces
   739 | D        | Bought a potion of heal wounds for 55 gold pieces
   739 | D        | Bought a potion of curing for 33 gold pieces
   739 | D        | Bought a potion of curing for 33 gold pieces
   739 | D        | Bought a potion of might for 44 gold pieces
   753 | D        | Reached XP level 8. HP: 62/73 MP: 8/8
   807 | D        | Noticed an elephant
   807 | D        | Noticed a centaur warrior
   807 | D        | Noticed Kirke
   807 | D        | Noticed a skeletal warrior
   807 | D        | Noticed a yaktaur captain
   807 | D        | Noticed a kobold demonologist
   873 | D        | Killed a skeletal warrior
   873 | D        | Reached ***** piety under Trog
   873 | D        | Received a gift from Trog
   878 | D        | Shot with a bolt by a yaktaur captain

Vault maps used:
D:        the_violet_keep_of_menkaure

Skill      XL: |  1  2  3  4  5  6  7  8 |
---------------+-------------------------+-----
Fighting       | 5 6 7 8 9 10 11 | 11.6
Axes           | 3 4 6 7 8 10 11 | 11.1
Dodging        | 3 4 5 6 7 8 9 |  9.0
Armour         | 2 3 4 |  4.0
Stealth        | 1 2 |  2.7

Action                   |  1- 3 |  4- 6 |  7- 9 || total
-------------------------+-------+-------+-------++-------
Melee: Hand axe          |    13 |    32 |    26 ||    71
Invok: Berserk           |     1 |     2 |     2 ||     5
  Use: Potion            |       |     2 |       ||     2
  Eat: Ration            |       |       |     1 ||     1
Armor: Animal skin       |       |       |     1 ||     1
Dodge: Dodged            |     6 |    23 |     8 ||    37

Table legend:
 A = Spawn XP
 B = Non-spawn XP
 C = Spawn XP percentage of total XP
 D = Spawn monster count
 E = Non-spawn monster count
 F = Spawn count percentage of total count
 G = Total turns spent on level
                    A         B        C        D         E        F      G
               +---------+---------+-------+---------+---------+-------+---------
         Total |       0 |    1940 |   0.0 |       0 |      14 |   0.0 |   878
               +---------+---------+-------+---------+---------+-------+---------
             D |       0 |    1940 |   0.0 |       0 |      14 |   0.0 |   878
               +---------+---------+-------+---------+---------+-------+---------
